 Dungeon Crawl Stone Soup version 0.26-a0-631-ged93497179 (webtiles) character file.

Game seed: 2431988520695738676

29047 Hores the Geomancer (level 13, 0/78 HPs)
             Began as a Gargoyle Earth Elementalist on Sept 12, 2020.
             Was a High Priest of Vehumet.
             Slain by a death knight
             ... wielding a +0 battleaxe
              (15 damage)
             ... on level 13 of the Dungeon.
             The game lasted 00:40:29 (16521 turns).

Hores the Geomancer (Gargoyle Earth Elementalist)  Turns: 16521, Time: 00:40:30

Health: 0/78       AC: 20    Str: 21    XL:     13   Next: 42%
Magic:  5/31       EV: 16    Int: 31    God:    Vehumet [*****.]
Gold:   636        SH:  0    Dex: 17    Spells: 9/29 levels left

rFire    + . .     SeeInvis .   s - +12 dagger "Raeblaa" {protect, *Rage rElec Str+10 Dex+3}
rCold    . . .     Faith    .   (no shield)
rNeg     + + .     Spirit   .   F - +2 robe {rF+}
rPois    ∞         Reflect  .   p - +2 hat {Int+3}
rElec    +         Harm     .   c - scarf {repulsion}
rCorr    .         Rampage  .   q - +0 pair of gloves (curse)
MR       .....     Rnd*Rage +   m - +2 pair of boots {run}
Stlth    ++........             (no amulet)
HPRegen  0.23/turn              y - ring "Seugoaqe" {rN+ MR- MP+9 Dex+6}
MPRegen  0.22/turn              x - +6 ring of intelligence

@: very slightly contaminated, slowed, repel missiles, very slow
A: clumsy 1, low mp 1, magic resistance 1, negative energy resistance 1,
electricity resistance, unbreathing, petrification resistance, rot immunity, AC
+9
a: Renounce Religion


You were on level 13 of the Dungeon.
You worshipped Vehumet.
Vehumet was extremely pleased with you.
You visited 2 branches of the dungeon, and saw 14 of its levels.
You also visited: Ice Cave.

You collected 817 gold pieces.
You spent 181 gold pieces at shops.

Inventory:

Hand Weapons
 a - a +2 short sword of draining
 k - a +0 morningstar
 n - a +1 vampiric demon whip
 s - the +12 dagger "Raeblaa" (weapon) {protect, *Rage rElec Str+10 Dex+3}
   (You found it on level 9 of the Dungeon)

   It grants its wielder temporary protection when it strikes (+7 to AC).
   It affects your strength (+10).
   It affects your dexterity (+3).
   It insulates you from electricity.
   It may make you go berserk in combat.
 v - a +5 trident of flaming
 B - a +3 short sword of electrocution
Missiles
 b - 311 stones (quivered)
 w - 4 throwing nets
Armour
 c - a scarf of repulsion (worn)
 m - a +2 pair of boots of running (worn)
 p - a +2 hat of intelligence (worn)
 q - a cursed +0 pair of gloves (worn)
 F - a +2 robe of fire resistance (worn)
 H - +0 steam dragon scales
Magical Staves
 E - an uncursed staff of poison {unknown}
Jewellery
 h - an uncursed ring of fire
 x - a +6 ring of intelligence (right hand)
 y - the ring "Seugoaqe" (left hand) {rN+ MR- MP+9 Dex+6}
   (You found it on level 8 of the Dungeon)

   [ring of magical power]

   It affects your dexterity (+6).
   It protects you from negative energy.
   It affects your resistance to hostile enchantments.
   It affects your magic capacity (+9).
 J - a +6 ring of strength
Wands
 d - a wand of random effects (20)
 t - a wand of acid (8)
 u - a wand of iceblast (27)
 C - a wand of disintegration (24)
 G - a wand of flame (29)
Scrolls
 i - 4 scrolls of amnesia
 j - 4 scrolls of teleportation
 o - 3 scrolls of remove curse
 I - a scroll of fear
Potions
 e - 2 potions of curing
 f - 5 potions of stabbing
 g - 3 potions of might
 l - 3 potions of brilliance
 r - 2 potions of cancellation
 z - a potion of flight
 D - a potion of resistance
Miscellaneous
 A - a tin of tremorstones (3/3)


   Skills:
 + Level 8.0 Fighting
 + Level 7.5 Maces & Flails
 - Level 6.0 Armour
 + Level 6.4 Dodging
 - Level 2.1 Stealth
 + Level 8.5 Spellcasting
 + Level 8.1 Conjurations
   Level 0.7 Transmutations
 * Level 6.8 Fire Magic
 + Level 11.7 Earth Magic
 - Level 6.0 Evocations


You had 9 spell levels left.
You knew the following spells:

 Your Spells              Type           Power        Failure   Level
a - Sandblast             Erth           ######       1%          1
b - Stone Arrow           Conj/Erth      ######       1%          3
c - Lee's Rapid Deconstr  Erth           ######....   1%          5
d - Iron Shot             Conj/Erth      ######....   2%          6
e - Bolt of Magma         Conj/Fire/Erth ######....   1%          5

Your spell library contained the following spells:

 Spells                   Type           Power        Failure   Level
 Iskenderun's Mystic Bla  Conj/Tloc      #####...     1%          4
 Passwall                 Tmut/Erth      ######..     1%          2
 Dazzling Flash           Conj/Hex       #####.       1%          3
 Iskenderun's Battlesphe  Conj           ######..     1%          5
 Corona                   Hex            ##.....      3%          1
 Petrify                  Tmut/Erth      ######..     3%          4
 Corpse Rot               Necr/Air       N/A          6%          2
 Ensorcelled Hibernation  Hex/Ice        ##....       6%          2
 Confusing Touch          Hex            ##......     12%         3
 Tukima's Dance           Hex            ##......     12%         3
 Orb of Destruction       Conj           ######....   28%         7
 Summon Forest            Summ/Tloc      ##........   71%         5
 Spellforged Servitor     Conj/Summ      #####.....   80%         7
 Eringya's Noxious Bog    Tmut/Pois      ###.......   99%         6
 Hydra Form               Tmut           ###.......   99%         6
 Summon Hydra             Summ           ##........   100%        7


Dungeon Overview and Level Annotations

Branches:
Dungeon (13/15)            Temple (1/1) D:6            Lair (0/6) D:8
    Orc (0/2) D:11          IceCv (visited)
 Vaults: D:13-14

Altars:
Ashenzari
Cheibriados
Dithmenos
Elyvilon
Gozag
Hepliaklqana
Kikubaaqudgha
Makhleb
Okawaru
Qazlal
Ru
Sif Muna
Uskayaw
Vehumet
Wu Jian
Yredelemnul
Zin
The Shining One

Shops:
D:4 *


Innate Abilities, Weirdness & Mutations

You are resistant to torment.
Your stone body is resilient. (AC +9)
You are immune to poison.
You resist negative energy. (rN+)
You are resistant to electric shocks. (rElec)
You can survive without breathing.
You are immune to petrification.
You are immune to rotting.
You are clumsy. (Dex -2)
Your magical capacity is low. (-10% MP)
You are resistant to hostile enchantments. (MR+)


Message History

Press: ? - help, Shift-Dir - straight line, f/p - freezing wraith
Aim: a freezing wraith (severely damaged, covered in acid)
The bolt of magma misses the death knight.
The bolt of magma hits the freezing wraith!!
The freezing wraith is burned terribly!
You destroy the freezing wraith!
Vehumet accepts your kill.
You feel your power returning. The phantasmal warrior hits you.
The death knight completely misses you.
Casting: Bolt of Magma (dangerous; 1% risk of failure)
Confirm with . or Enter, or press ? or * to list all spells.
Aiming: Bolt of Magma (dangerous; 1% risk of failure)
Press: ? - help, Shift-Dir - straight line, f - death knight
Aim: a death knight, wielding a +0 battleaxe and wearing a cursed +0 chain mail (heavily wounded, covered in acid)
The bolt of magma misses the death knight.
The death knight is no longer covered in acid.
The phantasmal warrior hits you!!
* * * LOW HITPOINT WARNING * * *
The death knight hits you with a +0 battleaxe!
You die...

######### # #........
#.######## #........
##........###########........
...W.....††p@W...............
.........##+####.............
.........#.....#.............
.........#.....#.......).....
.........#.....#.............
.........#.....#.............
###......#.....#............^
####...#...>.#.............
#...#.....#.........((..


You could see a death knight and a phantasmal warrior.

Vanquished Creatures
  Gastronok (D:8)
  A yaktaur captain (D:9)
  Harold (D:7)
  4 two-headed ogres
  Erica (D:8)
  Sonja (D:10)
  An unseen horror (D:10)
  An ugly thing (D:8)
  A deep elf mage (D:12)
  3 manticores
  A cyclops (D:12)
  2 ice statues (IceCv)
  A gargoyle (D:13)
  A centaur zombie (D:12)
  Maggie (D:10)
  8 ice devils (IceCv)
  An efreet (D:13)
  2 freezing wraiths (D:13)
  2 trolls
  4 red devils (D:13)
  2 hornets
  Prince Ribbit (D:9)
  A hippogriff (D:12)
  4 fire bats (D:9)
  2 fire elementals (D:9)
  A human (D:13)
  A wraith (D:11)
  A wyvern (D:9)
  20 yaks
  2 hogs (D:13)
  6 vampire mosquitoes
  An acid dragon (D:13)
  An eye of draining (D:13)
  4 sky beasts
  11 ice beasts
  10 orc warriors
  3 phantoms
  6 centaurs
  7 ogres
  A big kobold (D:7)
  Blork the orc (D:5)
  A gnoll sergeant (D:9)
  6 bullfrogs
  2 scorpions
  5 electric eels
  18 wights
  4 jellies
  4 howler monkeys
  5 hounds
  A quasit (D:11)
  4 bullfrog zombies
  18 orc priests
  4 centaur skeletons
  A bullfrog skeleton (D:12)
  An iguana (D:8)
  16 orc wizards
  5 worker ants
  3 hound skeletons
  9 adders
  7 gnolls
  A howler monkey skeleton (D:4)
  2 shadow imps (D:5)
  9 white imps
  7 ufetubi
  9 oozes (D:4)
  3 adder zombies
  7 adder skeletons
  2 worms (D:2)
  2 dart slugs
  7 leopard geckos
  54 orcs
  A ball python (D:1)
  11 giant cockroaches
  11 goblins
  12 hobgoblins
  4 jackals
  4 quokkas
  A ball python skeleton (D:4)
  6 bats
  7 frilled lizards
  22 kobolds
  2 leopard gecko zombies (D:4)
  2 quokka skeletons
  2 quokka zombies (D:4)
  13 rats
439 creatures vanquished.

Vanquished Creatures (others)
  A reaper (IceCv)
  A worker ant (D:11)
  4 white imps (IceCv)
  2 ufetubi (IceCv)
  2 fungi (D:4)
  11 toadstools (D:4)
  11 withered plants (D:4)
32 creatures vanquished.

Grand Total: 471 creatures vanquished

Notes
Turn   | Place    | Note
-------+----------+-------------------------------------------
     0 | D:1      | Hores the Gargoyle Earth Elementalist began the quest for
                  | the Orb.
     0 | D:1      | Reached XP level 1. HP: 10/10 MP: 3/3
   270 | D:1      | Reached skill level 4 in Earth Magic
   323 | D:1      | Reached XP level 2. HP: 14/15 MP: 5/5
   709 | D:1      | Reached XP level 3. HP: 19/19 MP: 6/6
   714 | D:1      | Learned a level 3 spell: Stone Arrow
   725 | D:1      | Identified a +0 pair of boots of running (You found it on
                  | level 1 of the Dungeon)
  1250 | D:2      | Reached skill level 5 in Earth Magic
  1395 | D:2      | Reached XP level 4. HP: 24/24 MP: 4/8
  2174 | D:2      | Reached XP level 5. HP: 28/28 MP: 9/9
  2181 | D:2      | Learned a level 5 spell: Lee's Rapid Deconstruction
  2871 | D:3      | Reached skill level 6 in Earth Magic
  3265 | D:4      | Gained mutation: Your magical capacity is low. (-10% MP)
                  | [potion of mutation]
  3265 | D:4      | Gained mutation: You are clumsy. (Dex -2) [potion of
                  | mutation]
  3265 | D:4      | Gained mutation: You are resistant to hostile enchantments.
                  | (MR+) [potion of mutation]
  3325 | D:4      | Reached XP level 6. HP: 25/32 MP: 7/10
  3542 | D:4      | Found Belalu Bipp's Assorted Antiques.
  3576 | D:4      | Bought a scroll of identify for 46 gold pieces
  3576 | D:4      | Bought a red potion for 20 gold pieces
  3576 | D:4      | Bought a scroll labeled FAXYRA BOELI for 23 gold pieces
  3576 | D:4      | Bought a crooked gold wand for 92 gold pieces
  3707 | D:4      | Reached skill level 7 in Earth Magic
  3852 | D:4      | Reached XP level 7. HP: 36/36 MP: 10/12
  4215 | D:4      | Reached skill level 5 in Spellcasting
  4406 | D:5      | Entered Level 5 of the Dungeon
  4407 | D:5      | Found a hazy altar of Hepliaklqana.
  4431 | D:5      | Noticed Blork the orc
  4440 | D:5      | Killed Blork the orc
  4645 | D:5      | Found a white marble altar of Elyvilon.
  4692 | D:5      | Found a glowing silver altar of Zin.
  4714 | D:5      | Reached skill level 1 in Armour
  4837 | D:5      | Reached skill level 1 in Fighting
  4837 | D:5      | Reached skill level 1 in Conjurations
  4846 | D:5      | Reached skill level 1 in Maces & Flails
  4882 | D:5      | Reached skill level 1 in Evocations
  4907 | D:5      | Reached XP level 8. HP: 18/43 MP: 2/14
  4912 | D:5      | Reached skill level 8 in Earth Magic
  5203 | D:5      | You fall into a shaft and drop 3 floors!
  5223 | D:7      | Noticed Harold
  5230 | D:7      | Killed Harold
  5914 | D:6      | Found a staircase to the Ecumenical Temple.
  5935 | Temple   | Entered the Ecumenical Temple
  6046 | Temple   | Became a worshipper of Vehumet
  6319 | D:6      | Reached XP level 9. HP: 45/49 MP: 15/15
  7288 | D:7      | Found an iron altar of Okawaru.
  7516 | D:8      | Got a smoking bone ring
  7518 | D:8      | Identified the ring "Seugoaqe" {rN+ MR- MP+9 Dex+6} (You
                  | found it on level 8 of the Dungeon)
  7714 | D:8      | Reached * piety under Vehumet
  7714 | D:8      | Offered knowledge of Foxfire by Vehumet.
  7806 | D:8      | Noticed a cyan ugly thing
  7810 | D:8      | Killed a cyan ugly thing
  7810 | D:8      | Reached skill level 9 in Earth Magic
  7885 | D:8      | Noticed Gastronok
  7896 | D:8      | Killed Gastronok
  7896 | D:8      | Reached XP level 10. HP: 32/58 MP: 12/17
  8108 | D:8      | Reached skill level 5 in Armour
  8336 | D:8      | Found a staircase to the Lair.
  8443 | D:8      | Noticed Erica
  8451 | D:8      | Killed Erica
  8451 | D:8      | Reached skill level 5 in Fighting
  8451 | D:8      | Reached skill level 5 in Conjurations
  8957 | D:9      | Noticed a two-headed ogre
  8973 | D:9      | Killed a two-headed ogre
  8973 | D:9      | Reached skill level 5 in Maces & Flails
  8973 | D:9      | Reached XP level 11. HP: 64/64 MP: 19/19
  9104 | D:9      | Found a transporter.
  9122 | D:9      | Noticed Prince Ribbit
  9124 | D:9      | Killed Prince Ribbit
  9193 | D:9      | Reached skill level 10 in Earth Magic
  9193 | D:9      | Reached ** piety under Vehumet
  9193 | D:9      | Offered knowledge of Freeze by Vehumet.
  9298 | D:9      | Found a glowing golden altar of the Shining One.
  9472 | D:9      | Found a transporter.
  9497 | D:9      | Got a jewelled dagger
  9532 | D:9      | Identified the +12 dagger "Raeblaa" {protect, *Rage rElec
                  | Str+10 Dex+3} (You found it on level 9 of the Dungeon)
 10080 | D:9      | Noticed a yaktaur captain
 10089 | D:9      | Killed a yaktaur captain
 10089 | D:9      | Reached skill level 5 in Evocations
 10287 | D:10     | Entered Level 10 of the Dungeon
 10420 | D:10     | Noticed Maggie
 10432 | D:10     | Killed Maggie
 10432 | D:10     | Reached skill level 5 in Dodging
 10683 | D:10     | Learned a level 6 spell: Iron Shot
 10689 | D:10     | Learned a level 5 spell: Bolt of Magma
 10719 | D:10     | Offered knowledge of Inner Flame by Vehumet.
 10809 | D:10     | Noticed Sonja
 10814 | D:10     | Killed Sonja
 10814 | D:10     | Reached skill level 1 in Fire Magic
 10880 | D:10     | Noticed a two-headed ogre
 10882 | D:10     | Killed a two-headed ogre
 10996 | D:10     | Killed an unseen horror
 11307 | D:11     | Reached *** piety under Vehumet
 11527 | D:11     | Reached XP level 12. HP: 71/71 MP: 20/20
 11781 | D:11     | Found a frozen archway.
 11801 | IceCv    | Entered an ice cave
 11991 | IceCv    | Offered knowledge of Frozen Ramparts by Vehumet.
 12004 | IceCv    | Killed a reaper
 12473 | IceCv    | Reached **** piety under Vehumet
 13830 | D:11     | Offered knowledge of Olgreb's Toxic Radiance by Vehumet.
 13898 | D:11     | Found a staircase to the Orcish Mines.
 14006 | D:11     | Reached skill level 11 in Earth Magic
 14066 | D:11     | Noticed a two-headed ogre
 14069 | D:11     | Killed a two-headed ogre
 14599 | D:12     | Reached skill level 5 in Fire Magic
 14887 | D:12     | Reached ***** piety under Vehumet
 14887 | D:12     | Offered knowledge of Iskenderun's Mystic Blast by Vehumet.
 15487 | D:13     | Reached XP level 13. HP: 76/76 MP: 22/22
 16521 | D:13     | Slain by a death knight

Illustrated notes

Levels and vault maps discovered:
D:1:      lightli_arrival_statue_moat, layout_rooms
D:2:      minmay_razor_zed, layout_rooms
D:3:      layout_loops_ring
D:4:      cheibrodos_fertilizer, layout_basic, serial_shops, nicolae_shop_stone,
          serial_undead, serial_undead_c, serial_undead_f, serial_undead_b,
          serial_undead_b, serial_undead_d, serial_undead_d
D:5:      layout_cave_pools, overflow_temple_1_default, elyvilon_altar_3,
          basic_altar, uniq_blork_the_orc
D:6:      layout_cave_pods, minmay_temple_entry_purple_smoke
D:7:      layout_loops_corners, okawaru_gym_becter, uniq_harold
D:8:      minmay_chambers_of_sixes, layout_basic, lair_entry_dummy, uniq_erica,
          uniq_gastronok
D:9:      gammafunk_cloud_chamber, layout_loops_ring, kennysheep_mini_moat,
          kennysheep_just_a_vault, uniq_prince_ribbit1
D:10:     layout_roguey, uniq_maggie, uniq_sonja
D:11:     layout_roguey, erik_orc_2, portal_ice_cave_entry_ice_beasts,
          billiards_dpeg
D:12:     layout_long_grid
D:13:     kennysheep_treasure_stockpile, layout_irregular_city, grunt_livestock,
          einodemon_armed_red_devil_minivault
Temple:   dpeg_five_rooms_temple

Skill      XL: |  1  2  3  4  5  6  7  8  9 10 11 12 13 |
---------------+----------------------------------------+-----
Earth Magic    | 4 5 6 7 8 9 10 11 | 11.7
Spellcasting   | 3 4 5 6 7 8 |  8.5
Armour         | 1 2 4 5 6 |  6.0
Fighting       | 1 2 4 5 6 7 8 |  8.0
Conjurations   | 1 2 4 5 6 7 8 |  8.1
Maces & Flails | 1 2 4 5 6 7 |  7.5
Evocations     | 1 2 4 5 6 |  6.0
Dodging        | 2 4 5 6 |  6.4
Fire Magic     | 2 5 6 |  6.8
Stealth        | |  2.1
Transmutations | |  0.7

Action                   |  1- 3 |  4- 6 |  7- 9 | 10-12 | 13-15 || total
-------------------------+-------+-------+-------+-------+-------++-------
Melee: Unarmed           |    14 |       |       |       |       ||    14
       Short sword       |   103 |   213 |   247 |    80 |       ||   643
       Dagger            |       |       |       |   474 |   113 ||   587
 Cast: Sandblast         |     9 |    35 |    49 |    37 |       ||   130
       Stone Arrow       |       |     1 |     5 |    15 |       ||    21
       Lee's Rapid Decon |       |       |     6 |    47 |     9 ||    62
       Bolt of Magma     |       |       |       |    13 |     3 ||    16
       Iron Shot         |       |       |       |     3 |    13 ||    16
Evoke: Wand              |       |       |     9 |    12 |     2 ||    23
  Use: Scroll            |       |    13 |     8 |     6 |       ||    27
       Potion            |       |     1 |     2 |     7 |       ||    10
 Stab: Sleeping          |     1 |     4 |     5 |     7 |       ||    17
       Distracted        |       |     1 |       |     1 |       ||     2
Armor: Robe              |    34 |    83 |   115 |   292 |    49 ||   573
Dodge: Dodged            |    75 |   125 |   196 |   502 |    96 ||   994
       Repelled          |       |       |       |    10 |     1 ||    11

Table legend: (Time is in decaauts)
 A = Elapsed time spent in this place.
 B = Non-inter-level travel time spent in this place.
 C = Inter-level travel time spent in this place.
 D = Time resting spent in this place.
 E = Time spent auto-exploring this place.
 F = Levels seen in this place.
 G = Mean time per level.
                   A        B        C        D        E       F      G
               +--------+--------+--------+--------+--------+-----+--------+
         Total |  15945 |  15627 |    318 |   2698 |   9194 |  15 | 1063.0 |
       Dungeon |  14015 |  13765 |    250 |   1393 |   9021 |  13 | 1078.1 |
        Temple |    169 |    101 |     68 |      0 |     92 |   1 |  169.0 |
      Ice Cave |   1761 |   1761 |      0 |   1305 |     80 |   1 | 1761.0 |
               +--------+--------+--------+--------+--------+-----+--------+

Top non-repeatable levels by time:
   IceCv: 1761 daAuts
     D:8: 1387 daAuts
    D:11: 1377 daAuts
     D:9: 1293 daAuts
     D:4: 1194 daAuts
     D:1: 1168 daAuts
     D:7: 1126 daAuts
     D:2: 1089 daAuts
    D:13: 1085 daAuts
    D:12: 986 daAuts
    D:10: 903 daAuts
     D:5: 902 daAuts
     D:3: 800 daAuts
     D:6: 700 daAuts
  Temple: 169 daAuts
